 Dungeon Crawl Stone Soup version 0.17.1-1-g73c8601 (webtiles) character file.

3105 Zolazor the Protected (level 9, -6/71 HPs)
             Began as a Minotaur Chaos Knight on Dec 21, 2015.
             Mangled by an unseen horror (7 damage)
             ... on level 1 of the Abyss.
             The game lasted 00:29:50 (7208 turns).

Zolazor the Protected (Minotaur Chaos Knight)       Turns: 7208, Time: 00:29:51

Health: -6/71      AC: 18    Str: 19    XL:     9   Next: 60%
Magic:  8/8        EV:  2    Int:  7    God:    Xom [..*...]
Gold:   269        SH:  0    Dex: 11    Spells: 1 memorised, 0 levels left

rFire  . . .     SeeInvis .     j - +8 trident of the Octopus King {venom, rElec rPois MR+}
rCold  . . .     Clarity  +     A - +0 plate armour
rNeg   . . .     SustAt   .     (no shield)
rPois  +         Gourm    .     (helmet restricted)
rElec  +         Spirit   .     (no cloak)
rCorr  .         Warding  .     f - +0 pair of gloves
rMut   .         Stasis   .     h - +0 pair of boots {Fly}
MR     +....                    (no amulet)
Stlth  ..........               (no ring)
                                l - ring of flight

@: flying, very slightly contaminated, invisible, somewhat resistant to hostile
enchantments, extremely unstealthy
A: retaliatory headbutt, horns 2, clarity, dopey 1, frail 1, low mp 1, mutation
resistance 2
a: Renounce Religion, Stop Flying


You were on level 1 of the Abyss.
You worshipped Xom.
You were a toy of Xom.
You were not hungry.

You visited 1 branch of the dungeon, and saw 7 of its levels.
You visited the Abyss 1 time.

You collected 473 gold pieces.
You spent 204 gold pieces at shops.

Inventory:

Hand Weapons
 a - a +1 mace of freezing
 j - the +8 trident of the Octopus King (weapon) {venom, rElec rPois MR+}
   (Xom gifted it to you on level 3 of the Dungeon)

   It poisons the flesh of those it strikes.
   It insulates you from electricity.
   It protects you from poison.
   It affects your resistance to hostile enchantments.
 p - a +0 scimitar
Armour
 f - a +0 pair of gloves (worn)
 h - a +0 pair of boots of flying (worn)
 A - a +0 plate armour (worn)
Jewellery
 l - a ring of flight (left hand)
 y - an uncursed ring of protection from fire {unknown}
Wands
 c - a wand of lightning (0)
 i - a wand of disintegration (3)
 o - a wand of slowing (13)
 t - a wand of slowing (25)
Scrolls
 d - a scroll of enchant weapon
 e - a scroll of teleportation
 m - 5 scrolls of remove curse
 u - 4 scrolls of identify
 z - a scroll of torment {unknown}
Potions
 b - a potion of resistance
 x - a potion of poison
Books
 r - a book of Hinderance

   Spells                             Type                      Level
   a - Confusing Touch                Hexes                        2
   b - Confuse                        Hexes                        3
   c - Gell's Gravitas                Hexes/Translocation          3
   d - Petrify                        Transmutation/Earth          4
   e - Metabolic Englaciation         Hexes/Ice                    5
 w - a Grand Grimoire

   Spells                             Type                      Level
   a - Monstrous Menagerie            Summoning                    6
   b - Summon Greater Demon           Summoning                    7
   c - Malign Gateway                 Summoning/Translocation      7
   d - Summon Horrible Things         Summoning                    8
Comestibles
 g - 2 bread rations
 k - 2 royal jellies
 n - 3 meat rations
 s - a beef jerky
 v - a slice of pizza


   Skills:
 + Level 7.4 Fighting
 - Level 4.9 Maces & Flails
 * Level 8.7 Polearms
 * Level 11.1 Armour
 - Level 1.4 Dodging
 - Level 1.4 Evocations


You couldn't memorise any spells.
You knew the following spells:

 Your Spells              Type           Power        Failure   Level  Hunger
a - Summon Horrible Thin  Summ           #.........   100%        8    #######


Dungeon Overview and Level Annotations

Branches:
Dungeon (7/15)             Temple (0/1) D:4

Altars:
Elyvilon
Fedhas
Kikubaaqudgha
Nemelex Xobeh
Ru
Trog
The Shining One

Shops:
D:4 *   D:6 *


Innate Abilities, Weirdness & Mutations

You reflexively headbutt those who attack you in melee.
You have a pair of horns on your head.
You possess an exceptional clarity of mind.
You are dopey. (Int -2)
You are frail (-10% HP).
Your magical capacity is low (-10% MP).
You are somewhat resistant to both further mutation and mutation removal.


Message History

Something hits you but does no damage. Something hits you!
* * * LOW HITPOINT WARNING * * *
A small abomination comes into view.
A spatial maelstrom comes into view.
A spatial vortex comes into view.
Something hits you but does no damage.
A starcursed mass splits.
A deafening chorus of shrieks assaults your mind!
* * * LOW HITPOINT WARNING * * *
A deafening chorus of shrieks assaults your mind!
* * * LOW HITPOINT WARNING * * *
You suddenly lose the ability to move!
You can move again.
A spatial vortex comes into view.
Something hits you but does no damage.
There is a gateway leading deeper into the Abyss here.
Something hits you!
You die...
Xom chuckles heartily!

#.#.# . # ...##...##
..........#
#.#.##.#..#.# .# #
###.###}.#....##.#
#.#.#....#.#.#..#..## #.
.#.#.#....##.....# # X
X#..#x......#.... ##
#.....#.#.X..@.v.....
#..##.#.##..JX......#.#.
#)..#.###X.X.....#.#
....#...#.X#.##..##....
..# .>X..##....## ##...
. . #.X##... ##.# # #
.....##.##.## # ...J..
## . . . .....


You could see 5 starcursed masses, a spatial maelstrom, a small abomination
(wandering) and a jelly.

Vanquished Creatures
  The ghost of germz the Cleaver, a novice FoFi of Ashenzari (D:6)
  An ancient zyme (Abyss:1)
  Prince Ribbit (D:5)
  A small abomination (Abyss:1)
  Menkaure (D:7)
  Edmund (D:5)
  3 ice beasts
  An orc warrior (D:7)
  A centaur (D:6)
  A phantom (D:5)
  An ogre (D:4)
  Blork the orc (D:6)
  A giant frog (D:6)
  2 scorpions (D:6)
  A quasit (D:6)
  3 crimson imps
  6 hounds
  2 jellies
  A giant frog zombie (D:3)
  2 giant frog skeletons
  2 centaur skeletons
  A gnoll shaman (D:4)
  An orc wizard (D:5)
  3 worker ants
  An iguana (D:4)
  8 gnolls
  A shadow imp (D:7)
  14 adders
  An ufetubus (Abyss:1)
  2 oozes
  2 worms
  11 orcs
  5 ball pythons
  6 bats
  6 giant cockroaches
  9 goblins
  7 hobgoblins
  5 jackals
  9 kobolds
  6 giant geckos
  A giant gecko skeleton (D:5)
  8 giant newts
  A jackal skeleton (D:5)
  7 quokkas
  6 rats
  2 fungi (D:4)
  A plant (D:1)
158 creatures vanquished.

Vanquished Creatures (others)
  A wizard (D:5)
  2 fungi (D:4)
3 creatures vanquished.

Grand Total: 161 creatures vanquished

Notes
Turn   | Place    | Note
--------------------------------------------------------------
     0 | D:1      | Zolazor the Minotaur Chaos Knight began the quest for the Orb.
     0 | D:1      | Reached XP level 1. HP: 19/19 MP: 0/0
    57 | D:1      | XOM: silly message
    77 | D:1      | Reached XP level 2. HP: 2/27 MP: 1/1
   315 | D:1      | XOM: harmless Hex miscast
   392 | D:1      | XOM: medium Ice miscast
   546 | D:1      | Reached skill level 4 in Maces & Flails
   574 | D:1      | XOM: colour smoke trail
   583 | D:1      | XOM: 4-stop teleportation journey
  1157 | D:1      | Reached XP level 3. HP: 28/33 MP: 2/2
  1419 | D:2      | Found a white marble altar of Elyvilon.
  1457 | D:2      | XOM: 1-stop teleportation journey
  1466 | D:2      | XOM: silly message
  1501 | D:2      | XOM: draining
  1511 | D:2      | Reached XP level 4. HP: 15/41 MP: 3/3
  1933 | D:2      | XOM: colour smoke trail
  2098 | D:3      | Found a sacrificial altar of Ru.
  2164 | D:3      | XOM: fake destruction
  2651 | D:3      | Reached XP level 5. HP: 42/47 MP: 4/4
  2774 | D:3      | XOM: vitrification
  3077 | D:3      | XOM: god gift: +8 trident of the Octopus King {venom, rElec rPois MR+}
  3210 | D:4      | Reached skill level 5 in Fighting
  3431 | D:4      | XOM: god gift: scimitar {god gift}
  3451 | D:4      | Found a staircase to the Ecumenical Temple.
  3477 | D:4      | XOM: god gift: leatherbound book {god gift}
  3532 | D:4      | Noticed an ogre
  3536 | D:4      | Killed an ogre
  3536 | D:4      | Reached skill level 1 in Polearms
  3536 | D:4      | Reached skill level 5 in Armour
  3536 | D:4      | Reached XP level 6. HP: 18/56 MP: 5/5
  3746 | D:4      | XOM: give mutations
  3746 | D:4      | Gained mutation: You possess an exceptional clarity of mind. [Xom's grace]
  3746 | D:4      | Gained mutation: You are somewhat resistant to further mutation. [Xom's grace]
  3993 | D:4      | Found a blossoming altar of Fedhas.
  4025 | D:4      | Found Adeis's General Store.
  4028 | D:4      | Bought a slice of pizza for 18 gold pieces
  4028 | D:4      | Bought a meat ration for 60 gold pieces
  4119 | D:4      | XOM: 2-stop teleportation journey
  4176 | D:4      | Reached skill level 6 in Armour
  4227 | D:4      | XOM: polymorph gnoll -> giant newt
  4289 | D:4      | XOM: god gift: 44 gold pieces
  4357 | D:4      | XOM: swap monsters
  4362 | D:4      | Reached XP level 7. HP: 62/62 MP: 6/6
  4502 | D:5      | Entered Level 5 of the Dungeon
  4522 | D:5      | XOM: potion effect (curing)
  4525 | D:5      | XOM: enchant monster (good)
  4560 | D:5      | Reached skill level 7 in Armour
  4584 | D:5      | XOM: vitrification
  4752 | D:5      | Found a glowing golden altar of the Shining One.
  4754 | D:5      | Found an ancient bone altar of Kikubaaqudgha.
  4808 | D:5      | XOM is BORED!
  4808 | D:5      | XOM: give mutations
  4808 | D:5      | Gained mutation: You are somewhat resistant to both further mutation and mutation removal. [Xom's mischief]
  4808 | D:5      | Gained mutation: You are weak. (Str -2) [Xom's mischief]
  4808 | D:5      | Gained mutation: You are very weak. (Str -4) [Xom's mischief]
  4818 | D:5      | XOM: silly message
  4896 | D:5      | XOM: harmless Tloc miscast
  4911 | D:5      | XOM: harmless Pois miscast
  4975 | D:5      | Noticed Prince Ribbit
  4983 | D:5      | Killed Prince Ribbit
  4983 | D:5      | Reached skill level 8 in Armour
  4983 | D:5      | Reached XP level 8. HP: 52/70 MP: 7/7
  4998 | D:5      | Found a bloodstained altar of Trog.
  4999 | D:5      | XOM: harmless Trmt miscast
  5000 | D:5      | Noticed a wizard
  5004 | D:5      | Killed a wizard
  5198 | D:5      | XOM: medium Pois miscast
  5246 | D:5      | Noticed Edmund
  5256 | D:5      | Killed Edmund
  5256 | D:5      | Reached skill level 5 in Polearms
  5277 | D:5      | Found a sacrificial altar of Ru.
  5603 | D:6      | Noticed Blork the orc
  5607 | D:6      | Killed Blork the orc
  5619 | D:6      | Reached skill level 9 in Armour
  5780 | D:6      | Found Ihier's General Store.
  5858 | D:6      | Bought a +0 pair of boots of flying for 126 gold pieces
  5977 | D:6      | XOM: colour smoke trail
  5984 | D:6      | Noticed germz's ghost (novice FoFi)
  5989 | D:6      | XOM: cast spell 'Olgreb's Toxic Radiance'
  6008 | D:6      | XOM: divination: detect creatures
  6015 | D:6      | Killed germz's ghost
  6015 | D:6      | Reached skill level 10 in Armour
  6015 | D:6      | Reached skill level 1 in Evocations
  6015 | D:6      | Reached XP level 9. HP: 27/78 MP: 8/8
  6120 | D:6      | XOM: mild Air miscast
  6448 | D:7      | Noticed Menkaure
  6455 | D:7      | Killed Menkaure
  6637 | D:7      | Lost mutation: You are very weak. (Str -4) [potion of cure mutation]
  6637 | D:7      | Lost mutation: You are weak. (Str -2) [potion of cure mutation]
  6647 | D:7      | Learned a level 8 spell: Summon Horrible Things
  6647 | D:7      | Noticed a hellwing
  6765 | D:7      | Found a sparkling altar of Nemelex Xobeh.
  6766 | D:7      | Noticed a hornet
  6810 | D:7      | Gained mutation: You are dopey. (Int -2) [mutagenic glow]
  6859 | D:7      | Gained mutation: Your magical capacity is low (-10% MP). [mutagenic glow]
  6994 | D:7      | Cast into the Abyss (miscasting Summon Horrible Things)
  7053 | Abyss:1  | XOM: silly message
  7064 | Abyss:1  | Gained mutation: You are frail (-10% HP). [mutagenic glow]
  7142 | Abyss:1  | Reached skill level 11 in Armour
  7160 | Abyss:1  | Noticed a starcursed mass
  7174 | Abyss:1  | Found a corrupted altar of Lugonu.
  7196 | Abyss:1  | Noticed a large abomination
  7204 | Abyss:1  | Noticed a spatial maelstrom
  7206 | Abyss:1  | HP: 1/71 [starcursed mass/accursed screaming (6)]
  7206 | Abyss:1  | Paralysed by accursed screaming for 1 turns
  7208 | Abyss:1  | Mangled by an unseen horror

Action                   |  1- 3 |  4- 6 |  7- 9 || total
-------------------------+-------+-------+-------++-------
Melee: Mace              |    94 |    77 |       ||   171
       Trident           |       |    59 |   206 ||   265
 Abil: Evoke Flight      |       |     1 |     1 ||     2
Evoke: Wand              |       |       |    12 ||    12
  Use: Scroll            |     4 |     7 |     4 ||    15
       Potion            |       |     5 |     6 ||    11
  Eat: Bread ration      |     1 |     1 |     3 ||     5
       Pizza             |       |     1 |     1 ||     2
       Chunk             |       |       |     1 ||     1
